Selects Advanced Infantry Battlegroup
Selects Convert to Ranger Squad
Selects Frontline Medical Station
Frontline Medical Station
Frontline Medical Station
Selects Ranger Weapon Training
Construct Weapon Support Center
Selects Ammunition Storage
Selects M2A1 105mm Howitzer Emplacement
Selects 155mm Rapid Artillery Barrage
Improved M9 Bazooka Rockets
Construct Medical Station
Frontline Medical Station
Frontline Medical Station